 Dungeon Crawl Stone Soup version 0.23.2 (webtiles) character file.

Game seed: 4823782648334483082

2863 Fang the Fighter (level 9, -6/59 HPs)
             Began as a Gargoyle Berserker on Apr 9, 2019.
             Was a Priest of Trog.
             Mangled by a large abomination (24 damage)
             ... on level 1 of the Abyss.
             The game lasted 00:09:35 (7394 turns).

Fang the Fighter (Gargoyle Berserker)               Turns: 7394, Time: 00:09:36

Health: -6/59      AC: 25    Str: 25    XL:     9   Next: 75%
Magic:  9/9        EV:  9    Int:  7    God:    Trog [***...]
Gold:   596        SH:  0    Dex:  9    Spells: 8/8 levels left

rFire    . . .     SeeInvis .   a - +2 war axe
rCold    + . .     Gourm    +   (no shield)
rNeg     + . .     Faith    .   b - +2 plate armour
rPois    ∞         Spirit   .   (no helmet)
rElec    +         Reflect  .   (no cloak)
rCorr    .         Harm     .   (no gloves)
MR       ++...                  w - +2 pair of boots
Stlth    ..........             s - amulet of the gourmand
HPRegen  1.19/turn              v - ring of protection from cold
MPRegen  0.11/turn              (no ring)

@: regenerating
A: negative energy resistance 1, electricity resistance, unbreathing,
petrification resistance, rot immunity, AC +6
a: Berserk, Trog's Hand, Renounce Religion


You were on level 1 of the Abyss.
You worshipped Trog.
Trog was most pleased with you.
You were full.

You visited 2 branches of the dungeon, and saw 9 of its levels.
You visited the Abyss 1 time.

You collected 596 gold pieces.

Inventory:

Hand Weapons
 a - a +2 war axe (weapon)
Armour
 b - a +2 plate armour (worn)
 w - a +2 pair of boots (worn)
Jewellery
 q - the amulet "Rotoed" {+Fly rPois Regen+}
   (You found it on level 5 of the Dungeon)

   [amulet of regeneration]

   It protects you from poison.
   It lets you fly.
   It increases your rate of regeneration.
 s - an amulet of the gourmand (around neck)
 v - a ring of protection from cold (left hand)
 x - an uncursed ring of protection from magic
 y - a +5 ring of evasion {unknown}
Scrolls
 g - 3 scrolls of teleportation
 h - a scroll of identify
 j - a scroll of fear
 m - 7 scrolls of remove curse
 o - a scroll of blinking
 u - a scroll of enchant armour
Potions
 d - 3 potions of haste
 e - a potion of might
 f - 2 potions of flight
 i - 2 potions of berserk rage {unknown}
 k - a potion of cancellation
 n - 2 potions of lignification {unknown}
 p - 2 potions of agility
 r - 2 potions of mutation {unknown}
 t - a potion of invisibility {unknown}
Comestibles
 c - 11 rations


   Skills:
 + Level 8.0 Fighting
 + Level 6.5 Axes
 + Level 7.5 Armour
 + Level 5.6 Dodging


You had 8 spell levels left.
You didn't know any spells.
Your spell library was empty.

Dungeon Overview and Level Annotations

Branches:
Dungeon (8/15)             Temple (1/1) D:7
   Lair: D:8-11

Altars:
Cheibriados
Elyvilon
Fedhas
Nemelex Xobeh
Okawaru
Trog
Uskayaw
Vehumet

Annotations:
D:6 exclusion: oklob plant
D:8 Psyche


Innate Abilities, Weirdness & Mutations

You are resistant to torment.
Your stone body is resilient. (AC +6)
You are immune to poison.
You resist negative energy. (rN+)
You are resistant to electric shocks. (rElec)
You can survive without breathing.
You are immune to petrification.
You are immune to rotting.


Message History

Your plate armour prevents you from hitting the large abomination.
The large abomination is heavily damaged.
The large abomination hits you!
* * * LOW HITPOINT WARNING * * *
Your skin crawls.
You feel resistant to hostile enchantments.
You feel somewhat less full. The large abomination hits you!
* * * LOW HITPOINT WARNING * * *
You feel better. The mana viper barely misses you.
Your skin crawls.
You feel resistant to hostile enchantments.
You feel somewhat less full.
The large abomination barely misses you.
The mana viper bites you but does no damage.
You hit the large abomination.
The large abomination is heavily damaged.
You hit the mana viper.
The mana viper bites you but does no damage.
The large abomination hits you!!
You die...

. . 3≈ # . ...#
.§ #≈.. . .. #
.#.... .. ..# .
≈≈≈.# ...
#.#.##.#≈≈.
.... #..#....#
....####.....#
...##...S#....#
.......@.#.# ##
....##X....# ##
#.####.# ...
##.# ... #..
....# .#. ....
. ...


You could see a large abomination and a mana viper.

Vanquished Creatures
  A hippogriff (D:7)
  A water moccasin (D:8)
  3 ice beasts
  A sky beast (D:7)
  An orc warrior (D:7)
  5 ogres
  2 phantoms
  The ghost of xDrFeelgood the Chopper, an amateur HOMo (D:3)
  2 bullfrogs (D:6)
  A wyvern zombie (D:7)
  4 scorpions (D:5)
  4 killer bees (D:7)
  A howler monkey (D:8)
  3 crimson imps
  3 hounds
  6 orc priests
  Crazy Yiuf (D:2)
  A centaur skeleton (D:7)
  An iguana (D:5)
  Natasha (thrice) (D:2)
  3 worker ants
  A hound zombie (D:7)
  A howler monkey skeleton (D:5)
  7 adders
  A shadow imp (D:5)
  A worm (D:3)
  5 dart slugs
  26 orcs
  8 bats
  2 giant cockroaches
  13 goblins
  7 hobgoblins
  2 jackals (D:6)
  8 kobolds
  5 quokkas
  A ball python (D:1)
  5 frilled lizards
  A giant cockroach zombie (D:5)
  2 leopard gecko skeletons (D:5)
  A leopard gecko zombie (D:7)
  6 rats
  2 fungi (D:2)
153 creatures vanquished.

Notes
Turn   | Place    | Note
-------+----------+-------------------------------------------
     0 | D:1      | Fang the Gargoyle Berserker began the quest for the Orb.
     0 | D:1      | Reached XP level 1. HP: 14/14 MP: 1/1
    18 | D:1      | Reached XP level 2. HP: 7/19 MP: 2/2
   646 | D:1      | Reached XP level 3. HP: 22/23 MP: 3/3
  1017 | D:2      | Reached ** piety under Trog
  1176 | D:2      | Reached XP level 4. HP: 22/29 MP: 4/4
  1556 | D:2      | Noticed Natasha
  1569 | D:2      | Killed Natasha
  1569 | D:2      | Reached skill level 4 in Fighting
  1742 | D:2      | Noticed Natasha
  1746 | D:2      | Killed Natasha
  1817 | D:2      | Found a runed translucent door.
  1818 | D:2      | Noticed Crazy Yiuf
  1826 | D:2      | Killed Crazy Yiuf
  1826 | D:2      | Reached XP level 5. HP: 33/33 MP: 5/5
  2125 | D:2      | Noticed Natasha
  2135 | D:2      | Killed Natasha
  2763 | D:3      | Reached XP level 6. HP: 39/39 MP: 6/6
  2983 | D:3      | Noticed xDrFeelgood's ghost (amateur HOMo)
  2984 | D:3      | Found a transporter.
  2985 | D:3      | Found a transporter.
  3002 | D:3      | Killed xDrFeelgood's ghost
  3007 | D:3      | Reached skill level 5 in Fighting
  3402 | D:4      | Reached XP level 7. HP: 43/44 MP: 7/7
  3458 | D:4      | Found a sparkling altar of Nemelex Xobeh.
  3910 | D:5      | Entered Level 5 of the Dungeon
  4248 | D:5      | Reached skill level 5 in Armour
  4314 | D:5      | Got a bound diamond amulet
  4348 | D:5      | Reached *** piety under Trog
  4384 | D:5      | Reached XP level 8. HP: 51/51 MP: 8/8
  4497 | D:5      | Reached skill level 6 in Fighting
  4628 | D:5      | Reached skill level 5 in Axes
  4759 | D:6      | Identified the amulet "Rotoed" {+Fly rPois Regen+} (You
                  | found it on level 5 of the Dungeon)
  4843 | D:6      | Noticed a +0 dagger
  4844 | D:6      | Found a hide-covered altar of Uskayaw.
  4844 | D:6      | Noticed a -2 hand axe
  4880 | D:6      | Found a snail-covered altar of Cheibriados.
  4882 | D:6      | Found a bloodstained altar of Trog.
  4976 | D:6      | Found a white marble altar of Elyvilon.
  4979 | D:6      | Noticed an oklob plant
  5299 | D:7      | Found a staircase to the Ecumenical Temple.
  5319 | Temple   | Entered the Ecumenical Temple
  5363 | D:7      | Reached skill level 7 in Fighting
  5363 | D:7      | Reached XP level 9. HP: 52/57 MP: 9/9
  5425 | D:7      | Reached skill level 5 in Dodging
  6493 | D:7      | Found an iron altar of Okawaru.
  6592 | D:7      | Found a blossoming altar of Fedhas.
  6592 | D:7      | Found a radiant altar of Vehumet.
  6877 | D:8      | Noticed Psyche
  7349 | D:8      | Reached skill level 8 in Fighting
  7354 | D:8      | Cast into level 1 of the Abyss (Psyche)
  7389 | Abyss:1  | Noticed a mana viper
  7394 | Abyss:1  | Mangled by a large abomination

Skill      XL: |  1  2  3  4  5  6  7  8  9 |
---------------+----------------------------+-----
Axes           | 3 4 5 6 |  6.5
Dodging        | 2 3 4 5 |  5.6
Fighting       | 4 5 7 8 |  8.0
Armour         | 3 4 5 6 7 |  7.5

Action                   |  1- 3 |  4- 6 |  7- 9 || total
-------------------------+-------+-------+-------++-------
Melee: Hand axe          |   117 |   161 |    24 ||   302
       War axe           |       |       |   371 ||   371
Invok: Berserk           |       |     4 |     3 ||     7
       Trog's Hand       |       |     1 |     2 ||     3
  Use: Potion            |       |     2 |     1 ||     3
       Scroll            |       |       |    16 ||    16
  Eat: Chunk             |     1 |    12 |    26 ||    39
Armor: Animal skin       |    46 |    37 |       ||    83
       Plate armour      |       |    13 |   362 ||   375
Dodge: Dodged            |    77 |    91 |   193 ||   361
